AoeStats
← 我是你跌

African Clearing

506990009Analyzed
2v2 RM · 18d ago on Sep 16, 2026· 42m 48s· 4 players
Game mode
Random Map
Map size
Medium (4 player)
Population
200
Speed
Normal
Resources
Standard
Victory
Conquest
Starting age
Dark Age
Ending age
Imperial Age
RankedLock teamsTeams togetherTeam positionsShared explorationLock speedFull tech treeHidden civsTurbo modeCheats
Victory
Defeat
🇨🇳 Saracens · China
847
+17
🇨🇳 Spanish · China
791
+19
🇨🇱 Britons · Chile
892
-19
🇦🇺 Mongols · Australia
848
-17
我是你跌
5:22 Loom
15:49 Feudal Age
21:48 Castle Age
20:48 Double-Bit Axe
20:46 Horse Collar
23:57 Bow Saw
24:08 Town Watch
24:42 Stone Mining
26:19 Heavy Plow
26:35 Treadmill Crane
27:03 Gold Mining
27:38 Murder Holes
29:54 Wheelbarrow
31:29 Hand Cart
32:39 Fletching
37:58 Imperial Age
35:54 Ballistics
41:14 Two-Man Saw
41:21 Conscription
41:30 Elite Mameluke
42:27 Counterweights
43:36 Hoardings
43:13 Bimaristan
钓鱼小猪
13:44 Feudal Age
19:58 Castle Age
18:35 Double-Bit Axe
19:17 Horse Collar
19:53 Loom
21:42 Bow Saw
22:15 Stone Mining
22:49 Gold Mining
27:27 Heavy Plow
30:46 Stone Shaft Mining
30:45 Town Watch
32:08 Elite Skirmisher
32:54 Thumb Ring
34:09 Wheelbarrow
37:46 Hand Cart
45:15 Imperial Age
42:56 Husbandry
43:07 Bloodlines
Jorgeee9209
13:33 Feudal Age
18:25 Castle Age
22:00 Gold Mining
26:05 Loom
26:56 Fletching
27:28 Double-Bit Axe
33:08 Imperial Age
31:07 Stone Mining
32:56 Ballistics
35:23 Wheelbarrow
36:10 Yeomen
Mclovin
6:12 Loom
12:58 Feudal Age
17:51 Castle Age
15:48 Double-Bit Axe
17:55 Forging
18:11 Scale Barding Armor
18:44 Bloodlines
19:25 Husbandry
19:54 Bow Saw
Connection lost

Rejoining the realm…

Still unreachable

The connection could not be restored.

Session expired

The server has moved on; the page needs a fresh start.